 Seeded DCSS version 0.30.1-11-g7821555f0a (webtiles) character file.

Game seed: 6351066067085065685 (custom seed)

831 Esekla the Thaumaturge (level 7, -3/36 HPs)
             Began as a Deep Elf Wanderer on Nov 23, 2023.
             Was a Believer of Vehumet.
             Engulfed by a steam dragon's steam (10 damage)
             ... on level 8 of the Dungeon.
             The game lasted 00:37:01 (4790 turns).

Esekla the Thaumaturge (Deep Elf Wanderer)          Turns: 4790, Time: 00:37:01

Health: -3/36      AC:  3    Str: 11    XL:     7   Next: 65%
Magic:  25/29      EV: 12    Int: 20    God:    Vehumet [**....]
Gold:   286        SH:  4    Dex: 14    Spells: 12/22 levels left

rFire   . . .        s - +5 rapier of the Hero {heavy, rN+ Dex+3}
rCold   . . .        d - +0 buckler
rNeg    + . .        c - +0 robe
rPois   .            l - +0 helmet
rElec   .            (no cloak)
rCorr   .            (no gloves)
SInv    .            (no boots)
Will    .....        y - amulet of magic regeneration
Stlth   ++           D - ring of magical power
HPRegen 0.26/turn    (no ring)
MPRegen 0.61/turn

%: no passive effects
@: on blink cooldown
A: no striking features
a: Renounce Religion


You were on level 8 of the Dungeon.
You worshipped Vehumet.
Vehumet was pleased with you.
You visited 1 branch of the dungeon, and saw 7 of its levels.

You collected 286 gold pieces.

Inventory:

Hand Weapons
 a - a +2 vampiric dagger
 r - a +0 trident
 s - the +5 rapier of the Hero (weapon) {heavy, rN+ Dex+3}
   (You found it on level 3 of the Dungeon)

   Dex:       It affects your dexterity (+3).
   rN:        It protects you from negative energy.
 E - a +2 rapier of venom
Missiles
 v - 8 poisoned darts (quivered)
Armour
 c - a +0 robe (worn)
 d - a +0 buckler (worn)
 l - a +0 helmet (worn)
Jewellery
 y - an amulet of magic regeneration (around neck)
 D - a ring of magical power (left hand)
Wands
 i - a wand of roots (16)
 A - a wand of flame (15)
Scrolls
 g - 5 scrolls of identify {unknown}
 n - a scroll of enchant armour {unknown}
 o - 2 scrolls of amnesia {unknown}
 p - a scroll of immolation {unknown}
 q - 2 scrolls of blinking {unknown}
 u - 2 scrolls of fog {unknown}
 w - 3 scrolls of enchant weapon {unknown}
 x - a scroll of magic mapping {unknown}
 z - 2 scrolls of fear
 B - a scroll of summoning {unknown}
 C - a scroll of silence {unknown}
Potions
 b - 2 potions of lignification
 e - a potion of ambrosia {unknown}
 f - 2 potions of attraction {unknown}
 h - a potion of heal wounds {unknown}
 j - 3 potions of curing
 k - a potion of haste {unknown}
 m - a potion of mutation {unknown}
 t - 3 potions of brilliance {unknown}


   Skills:
 + Level 2.1 Short Blades
 + Level 0.1 Throwing
 * Level 3.3 Dodging
 + Level 2.5 Stealth
 + Level 1.9 Shields
 * Level 8.2 Spellcasting
 + Level 1.4 Conjurations
 * Level 4.5 Necromancy
 + Level 3.4 Translocations
 * Level 0.4 Fire Magic
 + Level 1.0 Invocations


You had 12 spell levels left.
You knew the following spells:

 Your Spells              Type           Power      Damage    Failure   Level
a - Magic Dart            Conj           52%        1d5       7%          1
b - Blink                 Tloc           42%        N/A       4%          2
d - Vampiric Draining     Necr           26%        2d7       5%          3
n - Ignite Poison         Fire/Tmut/Pois 8%         N/A       34%         3
p - Apportation           Tloc           42%        N/A       3%          1

Your spell library contained the following spells:

 Spells                   Type           Power      Damage    Failure   Level
 Freeze                   Ice            32%        1d5       12%         1
 Lesser Beckoning         Tloc           42%        N/A       4%          2
 Gell's Gravitas          Tloc           21%        N/A       9%          3
 Teleport Other           Tloc           21%        N/A       9%          3
 Spider Form              Tmut/Pois      8%         N/A       36%         3
 Cause Fear               Hex            4%         N/A       77%         4
 Summon Mana Viper        Hex/Summ       8%         N/A       98%         5


Dungeon Overview and Level Annotations

Branches:
Dungeon (6/15)
 Temple: D:4-7

Altars:
Dithmenos
Hepliaklqana
Okawaru
Qazlal
Trog
Vehumet
Zin
The Shining One

Shops:
D:2 =   D:4 (

Annotations:
D:2 black bear
D:8 1 transporter


Message History

Aim: an orc wizard, wielding a +0 dagger of freezing and wearing a +0 robe (moderately wounded)
You draw life force from the orc wizard.
You feel life coursing into your body.
The steam dragon hisses angrily.
You hear a shout!
The orc wizard gestures at you while chanting.
You are confused.
It was a potion of curing.
You feel better. The orc wizard closely misses you.
You hit the orc wizard.
You kill the orc wizard!
Vehumet accepts your kill.
You feel your power returning. You block the gnoll's attack.
You puncture the gnoll!
You kill the gnoll!
Vehumet accepts your kill.
You feel your power returning.
You barely miss the steam dragon. The steam dragon closely misses you.
The steam dragon claws you but does no damage.
You hit the steam dragon but do no damage.
The steam dragon breathes steam at you. The ball of steam hits you!
The steam dragon bites you! The steam dragon claws you.
* * * LOW HITPOINT WARNING * * *
You hear a shout! x2
Casting: Vampiric Draining (dangerous; 5% risk of failure)
Confirm with . or Enter, or press ? or * to list all spells.
You blink.
You are engulfed in a cloud of scalding steam.
* * * LOW HITPOINT WARNING * * *
You feel better.
You are engulfed in a cloud of scalding steam.
* * * LOW HITPOINT WARNING * * *
Casting: Blink (safe; 4% risk of failure)
Confirm with . or Enter, or press ? or * to list all spells.
Aiming: Vampiric Draining (dangerous; 5% risk of failure)
Press: ? - help, Shift-Dir - straight line, f - steam dragon
Aim: a steam dragon (steam)
You draw life force from the steam dragon.
You feel life coursing into your body.
You are engulfed in a cloud of scalding steam.
You die...

#....#########.
#D......8#8..).
#.##.....#.....
####D##....©#©)...
#....##.....#.....
#)#####8g©.8#8.©.8
#§# ############
#D# #8.©.8#8.©.8
#@# #.)...#.....
#§# #....©#©....
#§# ###.....#.....
#.# #......8#8....
#.###...#########.
##.#.....# #.
#..#.##### ##
#.##.# #.#..#


You could see a steam dragon.

Vanquished Creatures
  An ogre (D:5)
  2 scorpions (D:5)
  A gnoll bouda (D:4)
  4 hounds
  A jelly (D:6)
  An orc wizard (D:8)
  A sleepcap (D:5)
  4 iguanas
  14 gnolls
  8 adders
  A white imp (D:5)
  A worm (D:4)
  3 dart slugs
  11 orcs
  4 endoplasms
  8 goblins
  5 hobgoblins
  A quokka (D:1)
  6 ball pythons
  4 bats
  4 frilled lizards
  5 kobolds
  A rat (D:2)
91 creatures vanquished.

Notes
Turn   | Place    | Note
-------+----------+-------------------------------------------
     0 | D:1      | Esekla the Deep Elf Wanderer began the quest for the Orb.
     0 | D:1      | Esekla set off with the following items: a +0 club, a
                  | potion of lignification, a +0 robe, a +0 buckler; and the
                  | following spells available to memorise: Apportation, Blink,
                  | Lesser Beckoning, Magic Dart, Ignite Poison, Vampiric
                  | Draining.
     0 | D:1      | Reached XP level 1. HP: 10/10 MP: 7/7
     2 | D:1      | Learned a level 1 spell: Magic Dart
     4 | D:1      | Learned a level 1 spell: Apportation
   259 | D:2      | Found Renulab's Jewellery Shop.
   355 | D:2      | Noticed a black bear
   540 | D:4      | Found a radiant altar of Vehumet.
   549 | D:4      | Found an iron altar of Okawaru.
   560 | D:4      | Found a glowing silver altar of Zin.
   642 | D:4      | Became a worshipper of Vehumet
   958 | D:3      | Reached XP level 2. HP: 15/15 MP: 3/9
   961 | D:3      | Learned a level 2 spell: Blink
  1120 | D:3      | Identified the +5 rapier of the Hero {heavy, rN+ Dex+3}
  1186 | D:2      | Reached skill level 1 in Dodging
  1329 | D:3      | Reached skill level 5 in Spellcasting
  1332 | D:3      | Reached XP level 3. HP: 19/19 MP: 6/11
  1336 | D:3      | Learned a level 3 spell: Ignite Poison
  1340 | D:3      | Learned a level 3 spell: Vampiric Draining
  1607 | D:1      | Reached skill level 1 in Necromancy
  1610 | D:1      | Reached * piety under Vehumet
  1610 | D:1      | Offered knowledge of Shock by Vehumet.
  1896 | D:1      | Reached XP level 4. HP: 22/24 MP: 6/13
  2244 | D:2      | Found a faded altar of an unknown god.
  2279 | D:2      | Reached skill level 6 in Spellcasting
  2599 | D:3      | Found a stormy altar of Qazlal.
  2626 | D:3      | Reached XP level 5. HP: 18/28 MP: 8/15
  2626 | D:3      | Found a hazy altar of Hepliaklqana.
  2626 | D:3      | Found a bloodstained altar of Trog.
  2794 | D:4      | Found Ponaysk's Antique Weapon Boutique.
  2912 | D:4      | Found a glowing golden altar of the Shining One.
  2936 | D:3      | Reached skill level 1 in Short Blades
  3261 | D:5      | Entered Level 5 of the Dungeon
  3349 | D:5      | Reached skill level 1 in Conjurations
  3395 | D:5      | Got the Parchment of the Lumpy Olives
  3424 | D:5      | Found a shadowy altar of Dithmenos.
  3495 | D:5      | Reached XP level 6. HP: 30/32 MP: 6/17
  3914 | D:5      | Reached skill level 7 in Spellcasting
  4005 | D:5      | Reached XP level 7. HP: 35/36 MP: 20/20
  4026 | D:4      | Reached ** piety under Vehumet
  4026 | D:4      | Offered knowledge of Freeze by Vehumet.
  4394 | D:5      | Reached skill level 8 in Spellcasting
  4635 | D:6      | You fall into a shaft and drop 2 floors!
  4642 | D:8      | Found a transporter.
  4643 | D:8      | Found a transporter.
  4645 | D:8      | Found a transporter.
  4648 | D:8      | Found a transporter.
  4742 | D:8      | Noticed a two-headed ogre
  4778 | D:8      | Noticed a steam dragon
  4790 | D:8      | Engulfed by a steam dragon's steam

Illustrated notes

Levels and vault maps discovered:
D:1:      sevenhm_arrival_forest_fort_small_3, layout_rooms,
          chequers_serial_rivers_room_b, minmay_misc_feat_five
D:2:      layout_loops_ring, dreamdust_ecumenical_altar_angels_and_demons,
          serial_shops, shop
D:3:      layout_basic, grunt_temple_overflow_open, minmay_misc_feat_iff
D:4:      layout_basic, nicolae_overflow_quartered_altars, serial_shops,
          nicolae_diamond_shop
D:5:      layout_loops_ring, lemuel_doored_altar, minmay_misc_feat_rows,
          dreamdust_wishing_well
D:6:      layout_loops_cross, fedhas_altar_fruit_tree,
          minmay_temple_entry_glass, uniq_pikel, uniq_blork_the_orc
D:8:      layout_basic, nicolae_uskayaw_dance_hall, serial_demonic,
          serial_demonic_d, serial_demonic_a, serial_demonic_c,
          serial_demonic_c, nicolae_diode_quadrants

Skill      XL: |  1  2  3  4  5  6  7 |
---------------+----------------------+-----
Dodging        | 1 2 3 |  3.3
Spellcasting   | 5 6 7 8 |  8.2
Necromancy     | 1 2 3 4 |  4.5
Short Blades   | 1 2 |  2.1
Conjurations   | 1 |  1.4
Stealth        | 2 |  2.5
Translocations | 3 |  3.4
Throwing       | |  0.1
Shields        | |  1.9
Fire Magic     | |  0.4
Invocations    | |  1.0

Action                     |  1- 3 |  4- 6 |  7- 9 || total
---------------------------+-------+-------+-------++-------
  Melee: Short sword       |    21 |       |       ||    21
         Rapier            |    26 |    43 |    29 ||    98
  Throw: Dart              |       |     9 |     3 ||    12
   Cast: Apportation       |    30 |    25 |     3 ||    58
         Magic Dart        |    52 |    33 |    35 ||   120
         Blink             |     1 |     5 |     2 ||     8
         Vampiric Draining |       |    17 |    15 ||    32
         Ignite Poison     |       |     1 |       ||     1
    Use: Scroll            |     1 |       |       ||     1
         Potion            |       |       |     2 ||     2
   Stab: Sleeping          |     3 |     2 |       ||     5
 Armour: Robe              |    21 |    12 |     2 ||    35
  Dodge: Dodged            |    32 |    34 |    18 ||    84
  Block: Buckler           |     9 |    17 |    10 ||    36
